 Dungeon Crawl Stone Soup version 0.26.1-11-gd32895ea62 (webtiles) character file.

Game seed: 14625941865000029485

463 Zeld the Twirler (level 7, -2/45 HPs)
             Began as an Octopode Gladiator on May 19, 2021.
             Was an Initiate of Wu Jian.
             Shot with an arrow by a centaur (11 damage)
             ... on level 5 of the Dungeon.
             The game lasted 00:05:58 (4600 turns).

Zeld the Twirler (Octopode Gladiator)               Turns: 4600, Time: 00:05:59

Health: -2/45      AC:  2    Str: 14    XL:     7   Next: 7%
Magic:  7/7        EV: 14    Int: 10    God:    Wu Jian [......]
Gold:   336        SH:  0    Dex: 15    Spells: 6/6 levels left

rFire    . . .     SeeInvis .   a - +0 quarterstaff
rCold    . . .     Faith    .   (shield currently unavailable)
rNeg     . . .     Spirit   .   g - +1 hat
rPois    .         Reflect  .   (no amulet)
rElec    .         Harm     .   (no ring)
rCorr    .         Rampage  .   (no ring)
Will     .....                  (no ring)
Stlth    ++........             (no ring)
HPRegen  0.15/turn              (no ring)
MPRegen  0.10/turn              (no ring)
                                (no ring)
                                (no ring)

@: no status effects
A: almost no armour, stealthy swim, amphibious, 8 rings, constrict 8, camouflage
1, gelatinous body 1
a: Renounce Religion


You were on level 5 of the Dungeon.
You worshipped Wu Jian.
Wu Jian was noncommittal.
You visited 2 branches of the dungeon, and saw 6 of its levels.

You collected 336 gold pieces.

Inventory:

Hand Weapons
 a - a +0 quarterstaff (weapon)
Missiles
 c - 3 throwing nets (quivered)
Armour
 g - a +1 hat (worn)
Jewellery
 j - an uncursed ring of fire {unknown}
Scrolls
 b - 5 scrolls of teleportation
 d - a scroll of enchant armour {unknown}
 e - 5 scrolls of remove curse
 k - a scroll of magic mapping {unknown}
 m - a scroll of identify
Potions
 h - a potion of flight {unknown}
 l - a potion of brilliance {unknown}


   Skills:
 - Level 2.0 Fighting
 * Level 5.9 Staves
 * Level 5.3 Throwing
 - Level 3.0 Dodging


You had 6 spell levels left.
You didn't know any spells.
Your spell library was empty.

Dungeon Overview and Level Annotations

Branches:
Dungeon (5/15)             Temple (1/1) D:4

Altars:
Ashenzari
Cheibriados
Dithmenos
Elyvilon
Fedhas
Gozag
Hepliaklqana
Kikubaaqudgha
Nemelex Xobeh
Okawaru
Qazlal
Ru
Sif Muna
Trog
Uskayaw
Vehumet
Wu Jian
Xom
Yredelemnul
Zin
The Shining One


Innate Abilities, Weirdness & Mutations

You cannot wear most types of armour.
You are very stealthy in the water. (Stealth+)
You are amphibious.
You can wear up to eight rings at the same time.
You can use your tentacles to constrict eight enemies at once.
Your skin changes colour to match your surroundings (Stealth+).
Your rubbery body absorbs attacks. (AC +1, EV +1)


Message History

* * * LOW HITPOINT WARNING * * *
The centaur shoots an arrow.
The arrow hits you!
* * * LOW HITPOINT WARNING * * *
You see here 2 arrows.
There are monsters nearby!
You are too injured to fight recklessly!
There are monsters nearby!
You feel better.
You feel better.
The centaur shoots an arrow.
The arrow misses you.
You feel better.
The centaur shoots an arrow.
The arrow hits you!
The centaur shoots an arrow.
The arrow hits you!
* * * LOW HITPOINT WARNING * * *
Unknown command.
You feel better.
The centaur shoots an arrow.
The arrow barely misses you.
Blink to where?
Press: ? - help, Dir - move target
As you read the scroll of blinking, it crumbles to dust.
The centaur shoots an arrow.
The arrow misses you.
The centaur shoots an arrow.
The arrow hits you!
You die...

.........($.((ยง..##
...............#Zc....
#............##.l.##..
.#......(...#.#...#
#.##......##.#...##
.##.#....#.##....#
.#.#.#..#.#.#....#
..#.##..##.#.....##########
...##....##.....@##.......#
...#......#......##.......#
.. #......#.......#..^....#
. ##....##...............#
#.##..##.#.Z....#<......#
#.#..#.#.#....##......<#
#.#....#.##....##.......#
#......##.#...##########
#..).......#.#..#


You could see a centaur, a quokka zombie, a centaur zombie (wandering) and a
leopard gecko.

Vanquished Creatures
  Grinder (D:4)
  A hound (D:4)
  An orc priest (D:4)
  2 worker ants
  A hound skeleton (D:4)
  4 adders (D:2)
  A white imp (D:5)
  An ufetubus (D:2)
  3 oozes
  3 worms (D:4)
  4 dart slugs
  A leopard gecko (D:4)
  5 orcs
  4 bats (D:2)
  3 giant cockroaches (D:2)
  7 goblins
  7 hobgoblins
  4 jackals (D:2)
  A quokka (D:2)
  4 frilled lizards
  6 kobolds
  11 rats
75 creatures vanquished.

Notes
Turn   | Place    | Note
-------+----------+-------------------------------------------
     0 | D:1      | Zeld the Octopode Gladiator began the quest for the Orb.
     0 | D:1      | Reached XP level 1. HP: 14/14 MP: 1/1
    72 | D:1      | Reached XP level 2. HP: 13/19 MP: 2/2
   539 | D:1      | Reached XP level 3. HP: 18/24 MP: 3/3
  1217 | D:2      | Reached XP level 4. HP: 21/29 MP: 4/4
  2888 | D:3      | Reached XP level 5. HP: 34/34 MP: 5/5
  3041 | D:3      | Found a glowing golden altar of the Shining One.
  3219 | D:4      | Found a stormy altar of Qazlal.
  3219 | D:4      | Found a faded altar of an unknown god.
  3227 | D:4      | Found a basalt altar of Yredelemnul.
  3230 | D:4      | Found a shimmering blue altar of Sif Muna.
  3232 | D:4      | Found a faded altar of an unknown god.
  3357 | D:4      | Found a sacrificial altar of Ru.
  3822 | D:4      | Found a staircase to the Ecumenical Temple.
  3830 | D:4      | Reached skill level 5 in Staves
  3830 | D:4      | Reached XP level 6. HP: 36/39 MP: 6/6
  3834 | Temple   | Entered the Ecumenical Temple
  3959 | Temple   | Became a worshipper of the Wu Jian Council
  4195 | D:4      | Noticed Grinder
  4209 | D:4      | Killed Grinder
  4210 | D:4      | Reached skill level 5 in Throwing
  4417 | D:5      | Entered Level 5 of the Dungeon
  4457 | D:5      | Reached XP level 7. HP: 45/45 MP: 7/7
  4594 | D:5      | HP: 1/45 [centaur/arrow (7)]
  4600 | D:5      | Shot with an arrow by a centaur

Illustrated notes

Levels and vault maps discovered:
D:1:      saegor_arrival_under_anarchy, layout_basic, serial_park_tiny_1,
          moated_statue, nrook_mini_backslash, hangedman_decor_riveting,
          item_on_display_a
D:2:      layout_basic
D:3:      layout_rooms, nicolae_tso_carved_into_rock
D:4:      layout_cave_pools, nicolae_ru_the_path_less_chosen,
          chequers_temple_overflow_minitemple, minmay_temple_entry_proselytizer,
          uniq_grinder
D:5:      layout_loops_cross, basic_altar, minmay_misc_feat_secret_circle,
          kennysheep_nondescript
Temple:   regret_index_temple_sphere_string

Skill      XL: |  1  2  3  4  5  6 |
---------------+-------------------+-----
Throwing       | 3 4 5 |  5.3
Staves         | 4 5 |  5.9
Fighting       | |  2.0
Dodging        | |  3.0

Action                   |  1- 3 |  4- 6 |  7- 9 || total
-------------------------+-------+-------+-------++-------
Melee: Quarterstaff      |    52 |   109 |    11 ||   172
       Constrict         |    11 |    32 |     2 ||    45
       Tentacles         |     8 |    13 |     1 ||    22
Invok: Lunge             |       |     1 |       ||     1
  Use: Scroll            |       |     7 |     1 ||     8
       Potion            |       |     2 |     4 ||     6
 Stab: Sleeping          |     5 |     6 |       ||    11
       Distracted        |       |     1 |     1 ||     2
Armor: Skin              |     3 |    13 |     3 ||    19
Dodge: Dodged            |    31 |   101 |     8 ||   140
